 Dungeon Crawl Stone Soup version 0.30-a0-137-gd8773701ce (webtiles) character file.

Game seed: 2271637161970881259

443 lunkers the Basher (level 7, -6/61 HPs)
             Began as a Meteoran Berserker on Sept 24, 2022.
             Was a Believer of Trog.
             Mangled by a gnoll
             ... wielding a +2 halberd of freezing
             ... led by a gnoll sergeant
              (10 damage)
             ... on level 5 of the Dungeon.
             The game lasted 00:03:41 (820 turns).

lunkers the Basher (Meteoran Berserker)              Turns: 820, Time: 00:03:41

Health: -6/61      AC: 12    Str: 20    XL:     7   Next: 47%
Magic:  8/8        EV:  3    Int:  9    God:    Trog [**....]
Gold:   92         SH:  0    Dex: 14    Spells: 6/6 levels left

rFire   . . .      SeeInvis .    a - +0 mace
rCold   . . .      Faith    .    (no shield)
rNeg    . . .      Spirit   .    d - +0 plate armour
rPois   .          Reflect  .    h - +0 helmet
rElec   .          Harm     .    (no cloak)
rCorr   .          Rampage  .    (no gloves)
Will    ++...                    (no boots)
Stlth   ..........               (no amulet)
HPRegen 1.20/turn                (no ring)
MPRegen 0.11/turn                (no ring)

@: strong-willed, on berserk cooldown, held, regenerating, slowed, glowing, very
slow
A: sense surroundings 1, otherworldly, glowing, explore regen
a: Renounce Religion, Berserk, Trog's Hand


You were on level 5 of the Dungeon.
You worshipped Trog.
Trog was pleased with you.
You visited 1 branch of the dungeon, and saw 5 of its levels.

You collected 92 gold pieces.

Inventory:

Hand Weapons
 a - a +0 mace (weapon)
Missiles
 c - 9 stones (quivered)
Armour
 d - a +0 plate armour (worn)
 h - a +0 helmet (worn)
Jewellery
 f - an amulet of magic regeneration
Scrolls
 e - a scroll of amnesia {unknown}
 g - 2 scrolls of identify {unknown}
 j - a scroll of vulnerability {unknown}
 k - a scroll of teleportation {unknown}
 l - a scroll of poison {unknown}
Potions
 b - a potion of flight {unknown}
 i - a potion of lignification {unknown}
 m - a potion of curing {unknown}


   Skills:
 + Level 5.5 Fighting
 * Level 8.6 Maces & Flails
 - Level 2.4 Armour
 - Level 2.4 Dodging


You had 6 spell levels left.
You didn't know any spells.
Your spell library was empty.

Dungeon Overview and Level Annotations

Branches:
Dungeon (5/15) Zot: 2129
 Temple: D:4-7

Altars:
Sif Muna


Innate Abilities, Weirdness & Mutations

You passively map a small area around you.
You are easily found by Zot.
You glow in the dark.
You regain HP and MP as you explore.


Message History

You struggle against the net.
You struggle against the net.
You feel a strong urge to attack something.
You are no longer berserk.
You are exhausted.
You feel yourself slow down.
The gnoll hits you from afar with a +2 halberd of freezing.
The gnoll freezes you.
Unknown command.
You struggle against the net.
The gnoll hits you from afar with a +2 halberd of freezing.
The gnoll freezes you.
The gnoll sergeant hits you with a +0 trident.
The gnoll hits you with a +0 whip.
An orc comes into view. It is wielding a +0 whip.
The gnoll hits you with a +0 whip.
The gnoll sergeant hits you with a +0 trident.
* * * LOW HITPOINT WARNING * * *
The gnoll hits you but does no damage.
You struggle against the net.
The orc shouts!
You hear a shout! x3
The gnoll hits you from afar with a +2 halberd of freezing!
* * * LOW HITPOINT WARNING * * *
The gnoll freezes you.
* * * LOW HITPOINT WARNING * * *
The gnoll sergeant hits you but does no damage.
The gnoll hits you with a +0 whip.
* * * LOW HITPOINT WARNING * * *
Your skin crawls.
You feel strong-willed. The gnoll hits you but does no damage.
The gnoll sergeant hits you with a +0 trident!
* * * LOW HITPOINT WARNING * * *
The gnoll barely misses you.
A gnoll comes into view. It is wielding a +0 halberd.
The gnoll hits you but does no damage.
The gnoll sergeant hits you with a +0 trident!
* * * LOW HITPOINT WARNING * * *
The gnoll hits you from afar with a +2 halberd of freezing!
You die...

#......#..#####
########........##
#####............####
#...#..............# *
#........###.....#....*
#........###..........#
#......................
, ,
#####....############..
#.....@# #. * #....#gg#
#....##gg.# ###### ##.#
* *go. * * , * ... * *
, ,#.. * , #. * * , ,


You could see a gnoll sergeant, 4 gnolls and an orc.

Vanquished Creatures
  A scorpion (D:5)
  A hound (D:5)
  4 orc priests
  3 iguanas (D:5)
  2 orc wizards (D:5)
  3 adders
  A gnoll (D:5)
  2 dart slugs
  13 orcs
  3 ball pythons
  3 bats
  5 endoplasms
  2 giant cockroaches
  4 goblins
  4 hobgoblins
  5 jackals
  3 kobolds
  A quokka (D:3)
  2 frilled lizards (D:1)
  3 rats
65 creatures vanquished.

Vanquished Creatures (others)
  A plant (D:2)
1 creature vanquished.

Grand Total: 66 creatures vanquished

Notes
Turn   | Place    | Note
-------+----------+-------------------------------------------
     0 | D:1      | lunkers the Meteoran Berserker began the quest for the Orb.
     0 | D:1      | Reached XP level 1. HP: 19/19 MP: 2/2
    88 | D:1      | Reached XP level 2. HP: 26/26 MP: 3/3
   109 | D:1      | Found a faded altar of an unknown god.
   274 | D:2      | Reached XP level 3. HP: 21/31 MP: 4/4
   292 | D:2      | Reached skill level 5 in Maces & Flails
   348 | D:2      | Reached XP level 4. HP: 31/40 MP: 5/5
   375 | D:3      | Reached ** piety under Trog
   468 | D:3      | Found a shimmering blue altar of Sif Muna.
   538 | D:3      | Reached skill level 6 in Maces & Flails
   548 | D:4      | Reached XP level 5. HP: 24/46 MP: 6/6
   663 | D:5      | Entered Level 5 of the Dungeon
   676 | D:5      | Reached skill level 7 in Maces & Flails
   676 | D:5      | Reached XP level 6. HP: 53/53 MP: 7/7
   722 | D:5      | Reached skill level 5 in Fighting
   752 | D:5      | Reached XP level 7. HP: 52/61 MP: 8/8
   759 | D:5      | Reached skill level 8 in Maces & Flails
   820 | D:5      | Mangled by a gnoll

Illustrated notes

Levels and vault maps discovered:
D:1:      dpeg_arrival_solitude, layout_basic, ebering_ecumenical_altar_webs,
          minmay_distorted
D:2:      layout_basic, chequers_serial_rivers_micro_e, serial_bayou_pond_b,
          minmay_misc_feat_five
D:3:      layout_rooms, mainiacjoe_overflow_paths
D:4:      layout_loops_ring, slow_altar_2, minmay_temple_entry_enclosed_plants,
          minmay_misc_feat_columns
D:5:      layout_rooms, makhleb_heckhound_becter,
          mainiacjoe_overflow_surrounded_room, mainiacjoe_overflow_alcove_4

Skill      XL: |  1  2  3  4  5  6  7 |
---------------+----------------------+-----
Maces & Flails | 5 6 7 8 |  8.6
Fighting       | 4 5 |  5.5
Armour         | |  2.4
Dodging        | |  2.4

Action                   |  1- 3 |  4- 6 |  7- 9 || total
-------------------------+-------+-------+-------++-------
Melee: Mace              |    80 |   127 |    19 ||   226
       Punch             |     1 |       |       ||     1
Throw: Stone             |     6 |     5 |       ||    11
Invok: Berserk           |       |     3 |     1 ||     4
       Trog's Hand       |       |     2 |     1 ||     3
Armor: Plate armour      |   113 |   120 |    14 ||   247
Dodge: Dodged            |    37 |    28 |    10 ||    75

Table legend: (Time is in decaauts)
 A = Elapsed time spent in this place.
 B = Non-inter-level travel time spent in this place.
 C = Inter-level travel time spent in this place.
 D = Time resting spent in this place.
 E = Time spent auto-exploring this place.
 F = Levels seen in this place.
 G = Mean time per level.
                   A        B        C        D        E       F      G
               +--------+--------+--------+--------+--------+-----+--------+
         Total |    869 |    869 |      0 |      0 |     45 |   5 |  173.8 |
       Dungeon |    869 |    869 |      0 |      0 |     45 |   5 |  173.8 |
               +--------+--------+--------+--------+--------+-----+--------+

Top non-repeatable levels by time:
     D:1: 228 daAuts
     D:2: 178 daAuts
     D:5: 173 daAuts
     D:3: 158 daAuts
     D:4: 130 daAuts
